PIO (24 & UNDER)
SURREY SINNERS @ SEATTLE RAINIERS
05/11/2024
 
TOP OF THE 1ST
Surrey Sinners batting - Pitching for Seattle Rainiers : RHP Miguel Valenzuela
Pitching: RHP Miguel Valenzuela
Batting: RHB Miguel Palácios 0-0: Ball
1-0: Ball
2-0: Called Strike
2-1: Ball
3-1: Foul Ball, location: 2F
3-2: Strikes out swinging
Batting: RHB Max Alexander 0-0: Ball
1-0: Bunt for hit - play at first, batter OUT! 1-3
Batting: RHB Sixto Banda 0-0: Ball
1-0: DOUBLE (Flyball, 9M)
Batting: RHB Brett Murphy 0-0: DOUBLE (Line Drive, 89M)
Sixto Banda scores
Batting: LHB Buddy Rice 0-0: Called Strike
0-1: Ball
1-1: Called Strike
1-2: Ball
2-2: Foul Ball, location: 2F
2-2: Strikes out swinging
Top of the 1st over - 1 run(s), 2 hit(s), 0 error(s), 1 left on base; Surrey 1 - Seattle 0
BOTTOM OF THE 1ST
Seattle Rainiers batting - Pitching for Surrey Sinners : RHP Tyler Kirkland
Pitching: RHP Tyler Kirkland
Batting: RHB Reynaldo Slomp 0-0: Called Strike
0-1: Swinging Strike
0-2: Foul Ball, location: 2F
0-2: Ball
1-2: Foul Ball, location: 2F
1-2: Ball
2-2: Strikes out swinging
Batting: LHB Tony Rivera 0-0: Ball
1-0: Ball
2-0: Called Strike
2-1: Called Strike
2-2: Strikes out swinging
Batting: SHB Glenn Vadnais 0-0: Ball
1-0: Ball
2-0: Ball
3-0: Called Strike
3-1: Base on Balls
Batting: RHB Edward Melton 0-0: Ball
1-0: Ball
2-0: Swinging Strike
2-1: DOUBLE (Flyball, 89S)
Glenn Vadnais to third
Batting: RHB Jorge Montoya 0-0: Ground out 5-3 (Groundball, 5)
Bottom of the 1st over - 0 run(s), 1 hit(s), 0 error(s), 2 left on base; Surrey 1 - Seattle 0
TOP OF THE 2ND
Surrey Sinners batting - Pitching for Seattle Rainiers : RHP Miguel Valenzuela
Batting: LHB Javier Espinoza 0-0: Ball
1-0: Ball
2-0: SINGLE (Flyball, 8LS)
Batting: RHB Daniel Santiago 0-0: Ball
1-0: Called Strike
1-1: Ball
2-1: Grounds into double play, 4-6-3 (Groundball, 4)
Batting: RHB Mitchell Darragh 0-0: Fly out, F8 (Flyball, 8RM)
Top of the 2nd over - 0 run(s), 1 hit(s), 0 error(s), 0 left on base; Surrey 1 - Seattle 0
BOTTOM OF THE 2ND
Seattle Rainiers batting - Pitching for Surrey Sinners : RHP Tyler Kirkland
Batting: RHB Jacob Hill 0-0: Called Strike
0-1: Fly out, F9 (Line Drive, 89M)
Batting: RHB Jorge Colón 0-0: Called Strike
0-1: Ball
1-1: Ground out U3 (Groundball, 3L)
Batting: RHB Robert Marks 0-0: Called Strike
0-1: Ground out 1-3 (Groundball, 34S)
Bottom of the 2nd over - 0 run(s), 0 hit(s), 0 error(s), 0 left on base; Surrey 1 - Seattle 0
TOP OF THE 3RD
Surrey Sinners batting - Pitching for Seattle Rainiers : RHP Miguel Valenzuela
Batting: RHB Eugene Booth 0-0: SINGLE (Line Drive, 4D)
Batting: RHB Miguel Palácios 0-0: Ball
1-0: Called Strike
Eugene Booth is caught stealing 2nd base
1-1: Swinging Strike
1-2: Strikes out swinging
Batting: RHB Max Alexander 0-0: Ball
1-0: Swinging Strike
1-1: Ball
2-1: Called Strike
2-2: Ball
3-2: Foul Ball, location: 2F
3-2: Ground out 5-3 (Groundball, 5)
Top of the 3rd over - 0 run(s), 1 hit(s), 0 error(s), 0 left on base; Surrey 1 - Seattle 0
BOTTOM OF THE 3RD
Seattle Rainiers batting - Pitching for Surrey Sinners : RHP Tyler Kirkland
Batting: RHB Doug Williams 0-0: Ball
1-0: Ball
2-0: Ball
3-0: Base on Balls
Batting: RHB Reynaldo Slomp 0-0: Fly out, F7 (Line Drive, 8LM)
Batting: LHB Tony Rivera 0-0: Ball
1-0: Called Strike
Doug Williams steals 2nd base
1-1: Ball
2-1: Ball
3-1: Base on Balls
Batting: SHB Glenn Vadnais 0-0: Called Strike
0-1: Called Strike
0-2: Ball
1-2: Ball
2-2: 3-RUN HOME RUN (Flyball, 89XD), Distance : 431 ft
Batting: RHB Edward Melton 0-0: Called Strike
0-1: Foul Ball, location: 2F
0-2: Ball
1-2: Ball
2-2: Foul Ball, location: 2F
2-2: Fly out, F9 (Flyball, 89M)
Batting: RHB Jorge Montoya 0-0: Called Strike
0-1: Ball
1-1: Ball
2-1: Fly out, F5 (Popup, 25)
Bottom of the 3rd over - 3 run(s), 1 hit(s), 0 error(s), 0 left on base; Surrey 1 - Seattle 3
TOP OF THE 4TH
Surrey Sinners batting - Pitching for Seattle Rainiers : RHP Miguel Valenzuela
Batting: RHB Sixto Banda 0-0: Called Strike
0-1: Foul Ball, location: 2F
0-2: Ball
1-2: Strikes out looking
Batting: RHB Brett Murphy 0-0: Ball
1-0: Ball
2-0: Ball
3-0: Base on Balls
Batting: LHB Buddy Rice 0-0: Ball
1-0: Ball
2-0: Called Strike
2-1: Ball
3-1: Base on Balls
Brett Murphy to second
Batting: LHB Javier Espinoza 0-0: Ball
1-0: Foul Ball, location: 2F
1-1: Ball
2-1: SINGLE (Line Drive, 89S)
Brett Murphy to third
Buddy Rice to second
Batting: RHB Daniel Santiago 0-0: Ball
1-0: Ball
2-0: Ground out 5-3 (Groundball, 5S)
Brett Murphy scores
Buddy Rice to third
Javier Espinoza to second
Batting: RHB Mitchell Darragh 0-0: Ball
1-0: Ball
2-0: Fly out, F8 (Flyball, 8LM)
Top of the 4th over - 1 run(s), 1 hit(s), 0 error(s), 2 left on base; Surrey 2 - Seattle 3
BOTTOM OF THE 4TH
Seattle Rainiers batting - Pitching for Surrey Sinners : RHP Tyler Kirkland
Batting: RHB Jacob Hill 0-0: Ball
1-0: Ball
2-0: Ball
3-0: Base on Balls
Batting: RHB Jorge Colón 0-0: Swinging Strike
0-1: Swinging Strike
0-2: Ball
1-2: Foul Ball, location: 2F
1-2: Strikes out looking
Batting: RHB Robert Marks 0-0: Foul Ball, location: 2F
0-1: Called Strike
0-2: Ball
1-2: Foul Ball, location: 2F
1-2: Strikes out swinging
Batting: RHB Doug Williams 0-0: 2-RUN HOME RUN (Flyball, 7D), Distance : 390 ft
Batting: RHB Reynaldo Slomp 0-0: SINGLE (Groundball, 5D)
Batting: LHB Tony Rivera 0-0: Fielders Choice at 2nd, U4 (Groundball, 4M)
Bottom of the 4th over - 2 run(s), 2 hit(s), 0 error(s), 1 left on base; Surrey 2 - Seattle 5
TOP OF THE 5TH
Surrey Sinners batting - Pitching for Seattle Rainiers : RHP Miguel Valenzuela
Batting: RHB Eugene Booth 0-0: Foul Ball, location: 2F
0-1: Ball
1-1: Called Strike
1-2: Strikes out swinging
Batting: RHB Miguel Palácios 0-0: Foul Ball, location: 2F
0-1: Fly out, F9 (Flyball, 9M)
Batting: RHB Max Alexander 0-0: Ball
1-0: Ball
2-0: Swinging Strike
2-1: Ball
3-1: Foul Ball, location: 2F
3-2: Fly out, F8 (Line Drive, 8RM)
Top of the 5th over - 0 run(s), 0 hit(s), 0 error(s), 0 left on base; Surrey 2 - Seattle 5
BOTTOM OF THE 5TH
Seattle Rainiers batting - Pitching for Surrey Sinners : RHP Tyler Kirkland
Batting: SHB Glenn Vadnais 0-0: Ball
1-0: Foul Ball, location: 2F
1-1: Ball
2-1: Ball
3-1: Foul Ball, location: 2F
3-2: Base on Balls
Batting: RHB Edward Melton 0-0: Ball
1-0: Ball
2-0: Ball
3-0: Base on Balls
Glenn Vadnais to second
Batting: RHB Jorge Montoya 0-0: Ball
1-0: Grounds into double play, 6-4-3 (Groundball, 6)
Glenn Vadnais to third
Batting: RHB Jacob Hill 0-0: Ball
1-0: Called Strike
1-1: DOUBLE (Line Drive, 7LM)
Glenn Vadnais scores
Pitching: RHP Tomás Silva
Batting: RHB Jorge Colón 0-0: Called Strike
0-1: Called Strike
0-2: Foul Ball, location: 2F
0-2: SINGLE (Line Drive, 6M)
Jacob Hill to third
Batting: RHB Robert Marks 0-0: Ball
Jorge Colón is caught stealing 2nd base
Bottom of the 5th over - 1 run(s), 2 hit(s), 0 error(s), 0 left on base; Surrey 2 - Seattle 6
TOP OF THE 6TH
Surrey Sinners batting - Pitching for Seattle Rainiers : RHP Miguel Valenzuela
Batting: RHB Sixto Banda 0-0: Called Strike
0-1: Swinging Strike
0-2: Ball
1-2: Ball
2-2: Strikes out swinging
Batting: RHB Brett Murphy 0-0: Called Strike
0-1: Ball
1-1: Foul Ball, location: 2F
1-2: Strikes out looking
Batting: LHB Buddy Rice 0-0: Swinging Strike
0-1: Ball
1-1: Ball
2-1: Foul Ball, location: 2F
2-2: Ball
3-2: Strikes out swinging
Top of the 6th over - 0 run(s), 0 hit(s), 0 error(s), 0 left on base; Surrey 2 - Seattle 6
BOTTOM OF THE 6TH
Seattle Rainiers batting - Pitching for Surrey Sinners : RHP Tomás Silva
Batting: RHB Robert Marks 0-0: Foul Ball, location: 2F
0-1: Called Strike
0-2: Strikes out looking
Batting: RHB Doug Williams 0-0: Ball
1-0: Called Strike
1-1: Foul Ball, location: 2F
1-2: Strikes out swinging
Batting: RHB Reynaldo Slomp 0-0: Swinging Strike
0-1: Foul Ball, location: 2F
0-2: Ball
1-2: Foul Ball, location: 2F
1-2: Ball
2-2: Foul Ball, location: 2F
2-2: Strikes out swinging
Bottom of the 6th over - 0 run(s), 0 hit(s), 0 error(s), 0 left on base; Surrey 2 - Seattle 6
TOP OF THE 7TH
Surrey Sinners batting - Pitching for Seattle Rainiers : RHP Miguel Valenzuela
Pitching: RHP Domingo García
Batting: LHB Javier Espinoza 0-0: Called Strike
0-1: Swinging Strike
0-2: Foul Ball, location: 2F
0-2: Strikes out swinging
Batting: RHB Daniel Santiago 0-0: Ball
1-0: Ball
2-0: Called Strike
2-1: Ground out 6-3 (Groundball, 6M)
Batting: RHB Mitchell Darragh 0-0: Foul Ball, location: 2F
0-1: Called Strike
0-2: SINGLE (Groundball, 23) (infield hit)
Batting: RHB Eugene Booth 0-0: Ground out U3 (Groundball, 3L)
Top of the 7th over - 0 run(s), 1 hit(s), 0 error(s), 1 left on base; Surrey 2 - Seattle 6
BOTTOM OF THE 7TH
Seattle Rainiers batting - Pitching for Surrey Sinners : RHP Tomás Silva
Batting: LHB Tony Rivera 0-0: Foul Ball, location: 2F
0-1: Ball
1-1: Swinging Strike
1-2: Foul Ball, location: 2F
1-2: Fly out, F8 (Flyball, 8RD)
Batting: SHB Glenn Vadnais 0-0: Called Strike
0-1: Foul Ball, location: 2F
0-2: Ball
1-2: SOLO HOME RUN (Flyball, 89XD), Distance : 425 ft
Batting: RHB Edward Melton 0-0: Fly out, F7 (Flyball, 78S)
Batting: RHB Jorge Montoya 0-0: Called Strike
0-1: Called Strike
0-2: Fly out, F8 (Flyball, 8LM)
Bottom of the 7th over - 1 run(s), 1 hit(s), 0 error(s), 0 left on base; Surrey 2 - Seattle 7
TOP OF THE 8TH
Surrey Sinners batting - Pitching for Seattle Rainiers : RHP Domingo García
Batting: RHB Miguel Palácios 0-0: Swinging Strike
0-1: Ground out 4-3 (Groundball, 4)
Batting: RHB Max Alexander 0-0: Called Strike
0-1: Fly out, F9 (Flyball, 89XD)
Batting: RHB Sixto Banda 0-0: Ball
1-0: Called Strike
1-1: Swinging Strike
1-2: Strikes out swinging
Top of the 8th over - 0 run(s), 0 hit(s), 0 error(s), 0 left on base; Surrey 2 - Seattle 7
BOTTOM OF THE 8TH
Seattle Rainiers batting - Pitching for Surrey Sinners : RHP Tomás Silva
Pitching: RHP Juan Fonseca
Batting: RHB Jacob Hill 0-0: Fly out, F8 (Flyball, 8RXD)
Batting: RHB Jorge Colón 0-0: Ball
1-0: Ball
2-0: Ball
3-0: Base on Balls
Batting: RHB Robert Marks 0-0: Grounds into double play, 6-4-3 (Groundball, 6)
Bottom of the 8th over - 0 run(s), 0 hit(s), 0 error(s), 0 left on base; Surrey 2 - Seattle 7
TOP OF THE 9TH
Surrey Sinners batting - Pitching for Seattle Rainiers : RHP Domingo García
Batting: RHB Brett Murphy 0-0: Ball
1-0: Swinging Strike
1-1: Fly out, F2 (Popup, 25F)
Batting: LHB Buddy Rice 0-0: Called Strike
0-1: Ball
1-1: Ball
2-1: Called Strike
2-2: Ground out 6-3 (Groundball, 6)
Batting: LHB Javier Espinoza 0-0: Ball
1-0: Ball
2-0: Swinging Strike
2-1: Foul Ball, location: 2F
2-2: Strikes out swinging
Top of the 9th over - 0 run(s), 0 hit(s), 0 error(s), 0 left on base; Surrey 2 - Seattle 7
This league is powered by Out of the Park Baseball, the baseball management simulation game for PC, Mac and Linux
Saturday, April 9th, 2016 - OOTP Baseball 16.8 Build 38